 Dungeon Crawl Stone Soup version 0.25-a0-510-ge065f6de7d (webtiles) character file.

Game seed: 10984052119280179856, levelgen mode: deterministic

43 BeastOfSaturn the Grave Robber (level 3, -1/24 HPs)
             Began as a Demonspawn Necromancer on Feb 15, 2020.
             Slain by Jessica
             ... wielding a +0 dagger
              (4 damage)
             ... on level 3 of the Dungeon.
             The game lasted 00:06:51 (1537 turns).

BeastOfSaturn the Grave Robber (DsNe)               Turns: 1537, Time: 00:06:51

Health: -1/24      AC:  2    Str:  9    XL:     3   Next: 37%
Magic:  0/6        EV: 12    Int: 16    God:
Gold:   105        SH:  0    Dex: 13    Spells: 4/6 levels left

rFire    . . .     SeeInvis .   (no weapon)
rCold    + . .     Gourm    .   (no shield)
rNeg     + . .     Faith    .   a - +0 robe
rPois    .         Spirit   .   (no helmet)
rElec    .         Reflect  .   (no cloak)
rCorr    .         Harm     .   (no gloves)
MR       .....                  (no boots)
Stlth    ++........             (no amulet)
HPRegen  0.08/turn              b - ring of positive energy
MPRegen  0.10/turn              o - ring of protection from cold

@: flying
A: claws 1, spiny 1
a: no special abilities


You were on level 3 of the Dungeon.
You were not hungry.

You visited 1 branch of the dungeon, and saw 3 of its levels.

You collected 105 gold pieces.

Inventory:

Hand Weapons
 e - a +0 club
Armour
 a - a +0 robe (worn)
 h - a +0 chain mail
 n - a +0 scale mail
Jewellery
 b - a ring of positive energy (left claw)
 i - an uncursed ring of magical power
 o - a ring of protection from cold (right claw)
Scrolls
 f - 5 scrolls of immolation {unknown}
 j - a scroll of amnesia {unknown}
 m - a scroll of fear {unknown}
 p - 2 scrolls of remove curse {unknown}
 q - a scroll of teleportation {unknown}
 r - 2 scrolls of identify {unknown}
Potions
 k - a potion of brilliance {unknown}
 l - a potion of degeneration {unknown}
Comestibles
 c - 2 rations


   Skills:
 * Level 0.4 Armour
 + Level 1.8 Dodging
 - Level 1.7 Stealth
 - Level 2.0 Spellcasting
 * Level 5.6 Necromancy


You had 4 spell levels left.
You knew the following spells:

 Your Spells              Type           Power        Failure   Level  Hunger
a - Pain                  Necr           ###.         1%          1    #......
b - Animate Skeleton      Necr           N/A          1%          1    #......

Your spell library contained the following spells:

 Spells                   Type           Power        Failure   Level  Hunger
 Vampiric Draining        Necr           ###.......   6%          3    ###....
 Animate Dead             Necr           N/A          21%         4    #####..
 Agony                    Necr           ###.....     50%         5    ######.


Dungeon Overview and Level Annotations

Branches:
Dungeon (2/15)

Altars:
Uskayaw
Zin

Annotations:
D:3 Jessica


Innate Abilities, Weirdness & Mutations

You have sharp fingernails.
You are partially covered in sharp spines.


Message History

Aiming: Pain (safe; 1% risk of failure)
Press: ? - help, Shift-Dir - straight line, f/p - Jessica
Aim: Jessica, wielding a +0 dagger and wearing a +0 robe (lightly wounded, fast, chance to defeat MR: 84%) Jessica writhes in agony.
Casting: Pain (safe; 1% risk of failure)
Confirm with . or Enter, or press ? or * to list all spells.
You don't have enough magic to cast that spell.
Unknown command.
You closely miss Jessica.
Jessica is severely wounded.
Jessica hits you with a +0 dagger.
* * * LOW HITPOINT WARNING * * *
Jessica points at you and mumbles some strange words.
You barely resist. You barely miss Jessica.
Jessica is severely wounded.
Jessica hits you with a +0 dagger.
* * * LOW HITPOINT WARNING * * *
Jessica hits you with a +0 dagger.
You die...

#..
#..
#..
..##
..#
#.#
#)#
#@#
#@#
#.#
#.#
#.#
#.#
#.#
#.#
#.#


You could see Jessica.

Vanquished Creatures
  An adder (D:3)
  A leopard gecko (D:1)
  2 ball pythons
  5 bats (D:1)
  2 giant cockroaches
  4 goblins (D:1)
  3 hobgoblins
  2 frilled lizards
  3 kobolds (D:1)
  4 rats (D:1)
27 creatures vanquished.

Vanquished Creatures (collateral kills)
  A dart slug (D:3)
  A hobgoblin (D:1)
  A kobold (D:1)
3 creatures vanquished.

Grand Total: 30 creatures vanquished

Notes
Turn   | Place    | Note
-------+----------+-------------------------------------------
     0 | D:1      | BeastOfSaturn the Demonspawn Necromancer began the quest
                  | for the Orb.
     0 | D:1      | Reached XP level 1. HP: 13/13 MP: 3/3
     6 | D:1      | Noticed a rime drake
     6 | D:1      | Noticed a water moccasin
     7 | D:1      | Noticed a redback
   611 | D:1      | Gained mutation: You are partially covered in sharp spines.
                  | [demonic ancestry]
   611 | D:1      | Reached XP level 2. HP: 18/19 MP: 1/5
   687 | D:1      | Learned a level 1 spell: Animate Skeleton
   835 | D:1      | Reached skill level 5 in Necromancy
  1452 | D:2      | Found a glowing silver altar of Zin.
  1458 | D:2      | Found a hide-covered altar of Uskayaw.
  1493 | D:2      | Gained mutation: You have sharp fingernails. [demonic
                  | ancestry]
  1493 | D:2      | Reached XP level 3. HP: 23/24 MP: 3/6
  1512 | D:2      | You fall into a shaft and drop 1 floor!
  1512 | D:3      | Noticed Jessica
  1537 | D:3      | Slain by Jessica

Levels and vault maps discovered:
D:1:      onia_arrival_zoo_common, layout_rooms, minmay_pentomino_z2
D:2:      layout_basic, minitemple, chequers_ecumenical_altar_simple,
          minmay_rat_gold_closets
D:3:      layout_loops_ring, first_ration, uniq_ijyb, uniq_jessica

Skill      XL: |  1  2 |
---------------+-------+-----
Necromancy     | 5 |  5.6
Armour         | |  0.4
Dodging        | |  1.8
Stealth        | |  1.7
Spellcasting   | |  2.0

Action                   || total
-------------------------++-------
Melee: Unarmed           ||     5
 Cast: Pain              ||    44
       Animate Skeleton  ||     9
  Use: Potion            ||     2
  Eat: Chunk             ||     2
       Ration            ||     1
Armor: Robe              ||     4
Dodge: Dodged            ||    14

Table legend:
 A = Non-vault XP
 B = Vault XP
 C = Vault XP percentage of total XP
 D = Non-vault monster count
 E = Vault monster count
 F = Vault count percentage of total count
                 A         B        C        D         E       F
            +---------+---------+-------+---------+---------+-------
      Total |      59 |       3 |   4.8 |      28 |       2 |   6.7
            +---------+---------+-------+---------+---------+-------
        D:1 |      35 |       3 |   7.9 |      22 |       2 |   8.3
        D:2 |       3 |       0 |   0.0 |       2 |       0 |   0.0
        D:3 |      21 |       0 |   0.0 |       4 |       0 |   0.0
            +---------+---------+-------+---------+---------+-------
